 Dungeon Crawl Stone Soup version 0.21.1-1-g345015f (console) character file.

35 erker the Changer (level 3, 0/23 HPs)
             Began as an Octopode Transmuter on May 8, 2018.
             Slain by a jackal (1 damage)
             ... on level 2 of the Dungeon.
             The game lasted 00:03:05 (1065 turns).

erker the Changer (Octopode Transmuter)             Turns: 1065, Time: 00:03:06

Health: 0/23       AC:  1    Str:  9    XL:     3   Next: 33%
Magic:  6/6        EV: 13    Int: 16    God:
Gold:   61         SH:  0    Dex: 12    Spells: 4/7 levels left

rFire    . . .     SeeInvis .     - Unarmed
rCold    . . .     Gourm    .   (no shield)
rNeg     . . .     Faith    .   (helmet restricted)
rPois    .         Spirit   .   (no amulet)
rElec    .         Reflect  .   f - ring of teleportation (curse)
rCorr    .         Harm     .   (no ring)
MR       .....     Rnd*Tele +   (no ring)
Stlth    ++........             (no ring)
HPRegen  0.07/turn              (no ring)
MPRegen  0.10/turn              (no ring)
                                (no ring)
                                (no ring)

@: no status effects
A: almost no armour, stealthy swim, amphibious, 8 rings, constrict 8, camouflage
1, gelatinous body 1
a: no special abilities


You were on level 2 of the Dungeon.
You were hungry.

You visited 1 branch of the dungeon, and saw 2 of its levels.

You collected 61 gold pieces.

Inventory:

Missiles
 a - 77 arrows
 g - 12 bolts
 i - 11 stones (quivered)
Jewellery
 f - a cursed ring of teleportation (left tentacle)
Scrolls
 d - a scroll of identify
 e - 2 scrolls of remove curse
Books
 b - a book of Changes

   Spells                             Type                      Level
   a - Beastly Appendage              Transmutation                1
   b - Sticks to Snakes               Transmutation                2
   c - Spider Form                    Transmutation/Poison         3
   d - Ice Form                       Ice/Transmutation            4
   e - Blade Hands                    Transmutation                5
Comestibles
 c - 4 rations


   Skills:
 - Level 1.0 Fighting
 - Level 2.0 Dodging
 - Level 3.0 Unarmed Combat
 + Level 2.6 Spellcasting
 * Level 3.1 Transmutations


You had 4 spell levels left.
You knew the following spells:

 Your Spells              Type           Power        Failure   Level  Hunger
a - Beastly Appendage     Tmut           ##....       5%          1    #......
t - Sticks to Snakes      Tmut           ##......     9%          2    ##.....


Dungeon Overview and Level Annotations

Branches:
Dungeon (1/15)

Altars:

Annotations:
D:2 Robin


Innate Abilities, Weirdness & Mutations

You cannot wear most types of armour.
You are very stealthy in the water. (Stealth+)
You are amphibious.
You can wear up to eight rings at the same time.
You can use your tentacles to constrict eight enemies at once.
Your skin changes colour to match your surroundings (Stealth+).
Your rubbery body absorbs attacks. (AC +1, EV +1)


Message History

As you read the scroll labeled VYIRUPUCAE, it crumbles to dust.
You feel aware of your surroundings.
You sensed 3 altars.
It was a scroll of magic mapping.
The jackal bites you.
* * * LOW HITPOINT WARNING * * *
The goblin barely misses you. The jackal closely misses you.
You aren't carrying any potions.
Unknown command.
Unknown command.
Unknown command.
Unknown command.
Unknown command.
Unknown command.
Unknown command.
Unknown command.
Sorry, you're not good enough to have a special ability.
Unknown command.
Unknown command.
Unknown command.
The jackal bites you.
You die...

#..........##.###.....
#..........##....g###g
##.......$...g..### #.
##%...g...#####$# #g
#..........# #.# #.
#..ggg.....##**.#***#.
#............,,.......
#...gh...?..#**.#####.
#....@......# *,**,...
##..........# *,,...#.
##......#.## *,..#..#
########,# *>#*##.*
*****,****,* #.,
*,,,,,,,,,,* **,
*,,,,,,,,,,* *,,
*<,,,,,,,,** *,,
*,,,,,,,,,* *,,


You could see Robin, a jackal, 2 hobgoblins and 2 goblins.

Vanquished Creatures
  2 ball pythons (D:1)
  3 bats
  2 giant cockroaches (D:1)
  5 goblins
  6 hobgoblins
  3 jackals (D:1)
  4 frilled lizards (D:1)
  2 kobolds (D:1)
  5 rats (D:1)
32 creatures vanquished.

Notes
Turn   | Place    | Note
-------+----------+-------------------------------------------
     0 | D:1      | erker the Octopode Transmuter began the quest for the Orb.
     0 | D:1      | Reached XP level 1. HP: 13/13 MP: 3/3
    59 | D:1      | Reached XP level 2. HP: 10/18 MP: 5/5
   310 | D:1      | Learned a level 2 spell: Sticks to Snakes
   674 | D:1      | Reached XP level 3. HP: 22/23 MP: 4/6
   994 | D:1      | You fall through a shaft!
  1017 | D:2      | Noticed Robin
  1062 | D:2      | HP: 1/23 [jackal (3)]
  1065 | D:2      | Slain by a jackal

Skill      XL: |  1  2  3 |
---------------+----------+-----
Transmutations | 3 |  3.1
Fighting       | |  1.0
Dodging        | |  2.0
Unarmed Combat | |  3.0
Spellcasting   | |  2.6

Action                   || total
-------------------------++-------
Melee: Unarmed           ||    70
       Constrict         ||    20
       Tentacles         ||     7
       Punch             ||     3
       Kick              ||     8
 Cast: Beastly Appendage ||     7
  Use: Scroll            ||     2
 Stab: Sleeping          ||     6
Armor: Skin              ||     7
Dodge: Dodged            ||    48
